 Dungeon Crawl Stone Soup version 0.31-a0-348-g810772c3d7 (webtiles) character file.

Game seed: 5178334295152578617

12414 AdnanSaban the Basher (level 11, -13/69 HPs)
             Began as a Gargoyle Fighter on July 23, 2023.
             Was a High Priest of Okawaru.
             Mangled by a boulder beetle (39 damage)
             ... on level 11 of the Dungeon.
             The game lasted 00:20:21 (9750 turns).

AdnanSaban the Basher (Gargoyle Fighter)            Turns: 9750, Time: 00:20:22

Health: -13/69     AC: 29    Str: 24    XL:     11   Next: 93%
Magic:  11/11      EV:  8    Int:  9    God:    Okawaru [*****.]
Gold:   634        SH:  5    Dex:  9    Spells: 10/10 levels left

rFire   . . .        a - +0 flail
rCold   . . .        c - +0 buckler
rNeg    + . .        M - +0 plate armour
rPois   ∞            I - +1 helmet
rElec   +            l - +0 cloak
rCorr   .            S - +0 pair of gloves
SInv    +            f - +0 pair of boots
Will    .....        K - amulet of regeneration Stlth
                     q - ring of see invisible
HPRegen 1.11/turn    u - +4 ring of slaying
MPRegen 0.12/turn

%: no passive effects
@: no status effects
A: sickness immunity, AC +8, negative energy resistance 1, electricity
resistance, torment resistance 1, petrification resistance
a: Renounce Religion, Heroism, Finesse, Duel


You were on level 11 of the Dungeon.
You worshipped Okawaru.
Okawaru was extremely pleased with you.
You visited 2 branches of the dungeon, and saw 12 of its levels.
You also visited: Ossuary.

You collected 634 gold pieces.

Inventory:

Hand Weapons
 a - a +0 flail (weapon)
 R - a +0 whip of flaming
Missiles
 o - 3 curare-tipped darts
 y - 4 atropa-tipped darts
 G - 11 poisoned darts (quivered)
 T - a silver javelin
Armour
 c - a +0 buckler (worn)
 f - a +0 pair of boots (worn)
 l - a +0 cloak (worn)
 I - a +1 helmet (worn)
 M - a +0 plate armour (worn)
 S - a +0 pair of gloves (worn)
Jewellery
 g - a ring of positive energy
 q - a ring of see invisible (left hand)
 u - a +4 ring of slaying (right hand)
 C - a +6 ring of dexterity
 K - an amulet of regeneration (around neck)
 U - a ring of resist corrosion
Wands
 H - a wand of flame (7)
Scrolls
 b - a scroll of acquirement {unknown}
 e - 2 scrolls of fear {unknown}
 i - 5 scrolls of teleportation {unknown}
 k - 8 scrolls of identify {unknown}
 m - a scroll of poison {unknown}
 n - 2 scrolls of enchant weapon {unknown}
 r - 4 scrolls of amnesia {unknown}
 s - 2 scrolls of fog {unknown}
 t - 2 scrolls of brand weapon {unknown}
 x - a scroll of revelation {unknown}
 A - 2 scrolls of enchant armour {unknown}
 B - a scroll of blinking {unknown}
 E - 3 scrolls of noise {unknown}
 F - 3 scrolls of torment {unknown}
 V - a scroll of immolation {unknown}
Potions
 d - 4 potions of might
 h - 4 potions of haste
 j - 4 potions of lignification {unknown}
 p - 2 potions of resistance {unknown}
 v - 2 potions of mutation {unknown}
 w - 2 potions of degeneration {unknown}
 z - 2 potions of heal wounds {unknown}
 D - 2 potions of curing {unknown}
 J - 2 potions of ambrosia {unknown}
 L - 3 potions of berserk rage {unknown}
 N - a potion of invisibility {unknown}
 O - 2 potions of experience {unknown}
 P - a potion of cancellation {unknown}
 Q - a potion of attraction {unknown}


   Skills:
 + Level 8.5 Fighting
 + Level 12.7 Maces & Flails
 + Level 3.2 Throwing
 + Level 10.4 Armour
 + Level 3.5 Dodging
 + Level 6.5 Shields


You had 10 spell levels left.
You didn't know any spells.
Your spell library contained the following spells:

 Spells                   Type           Power      Damage    Failure   Level
 Blink                    Tloc           0%         N/A       100%        2
 Ensorcelled Hibernation  Hex/Ice        0%         N/A       100%        2
 Lesser Beckoning         Tloc           0%         N/A       100%        2
 Momentum Strike          Conj/Tloc      0%         3d8       100%        2
 Passwall                 Tmut/Erth      0%         N/A       100%        2
 Poisonous Vapours        Pois/Air       0%         N/A       100%        2
 Wereblood                Tmut           0%         N/A       100%        2
 Ignite Poison            Fire/Tmut/Pois 0%         N/A       100%        3
 Mephitic Cloud           Conj/Pois/Air  0%         N/A       100%        3
 Swiftness                Air            0%         N/A       100%        3
 Sticky Flame             Conj/Fire      0%         2d3       100%        4
 Freezing Cloud           Conj/Ice/Air   0%         6-21      100%        5
 Ignition                 Fire           0%         3d3       100%        8
 Sublimation of Blood     Necr           Unusable   N/A       N/A         2
 Summon Hydra             Summ           Unusable   N/A       N/A         7

Dungeon Overview and Level Annotations

Branches:
Dungeon (11/15)            Temple (1/1) D:7            Lair (0/5) D:9
Ossuary (visited)
    Orc: D:9-12

Altars:
Ashenzari
Cheibriados
Dithmenos
Elyvilon
Fedhas
Gozag
Hepliaklqana
Kikubaaqudgha
Makhleb
Nemelex Xobeh
Okawaru
Qazlal
Ru
Sif Muna
Trog
Uskayaw
Vehumet
Wu Jian
Xom
Yredelemnul
Zin
The Shining One

Shops:
D:3 *   D:4 *   D:5 ?

Annotations:
D:9 2 transporters, Gilette's ghost, novice TrSh
D:10 Snorg


Innate Abilities, Weirdness & Mutations

You are immune to sickness and miasma.
Your stone body is resilient. (AC +8)
You are immune to poison.
You resist negative energy. (rN+)
You are resistant to electric shocks. (rElec)
You are resistant to unholy torment.
You are immune to petrification.


Message History

There is an open door here.
Things that are here:
a +0 giant club; a +0 giant club; a two-headed ogre corpse
G - 8 poisoned darts (gained 2)
G - 9 poisoned darts (gained 1)
G - 10 poisoned darts (gained 1)
G - 11 poisoned darts (gained 1)
G - 12 poisoned darts (gained 1)
You open the door.
There is an open door here.
A boulder beetle comes into view.
You hit the boulder beetle but do no damage.
The boulder beetle bites you!
You hit the boulder beetle but do no damage.
You hit the boulder beetle but do no damage.
The boulder beetle bites you!
You hit the boulder beetle but do no damage.
The boulder beetle leaps!
Found a +6 ring of dexterity and a scroll labelled UFIETUYGIETZ.
Found a stone staircase leading down.
The boulder beetle curls into a ball and begins rolling!
Throw: 12 darts (poison)
Press: ? - help, Q - select action, (/) - cycle Shift-Dir - straight line, f - boulder beetle
Aim: a boulder beetle (rolling, 90% to hit)
You throw a poisoned dart.
The poisoned dart hits the boulder beetle!
The boulder beetle is poisoned.
The boulder beetle hits you!!!
Ouch! That really hurt!
* * * LOW HITPOINT WARNING * * *
The boulder beetle stops rolling and uncurls.
There is an open door here.
You are too injured to fight recklessly!
You are too injured to fight recklessly!
The boulder beetle attacks as you move away!
The boulder beetle closely misses you.
The boulder beetle leaps!
The boulder beetle curls into a ball and begins rolling!
The boulder beetle hits you!!!
Ouch! That really hurt!
You die...

#.## #.....?... #.... #.#
#..°...... ##### #.# #...=.....
#.# #.### #.# #...# #.#
###'######## #'########
#..........# ## .........#
#..........# #.
.........#####..@.......+...#####
.........##..).B>.......# #......
.........'..##.>°.......# ######.
.........#####.<.°......# #.
########## #..........# ## #
#######+#### ###### .....###
####...#


You could see a boulder beetle (rolling, poisoned).

Vanquished Creatures
  Erica (D:8)
  2 two-headed ogres
  A boulder beetle (D:11)
  Pikel (D:9)
  2 cyclopes (D:11)
  Psyche (D:8)
  Maggie (D:8)
  Prince Ribbit (D:8)
  4 wyverns (D:9)
  A wraith (D:11)
  A shadow (D:10)
  11 yaks
  A basilisk (D:9)
  2 steam dragons
  5 water moccasins (D:9)
  A black bear (D:5)
  3 ice beasts
  5 orc warriors
  3 sky beasts
  A centaur (D:9)
  An ogre (D:6)
  A lemure (D:9)
  4 phantoms (D:5)
  2 kobold brigands
  5 bullfrogs
  2 scorpions (D:5)
  4 water moccasin zombies (Ossuary)
  15 wights
  14 killer bees (D:9)
  4 howler monkeys
  A jelly (D:4)
  A hound (D:4)
  3 gnoll boudas
  3 orc priests
  2 sleepcaps
  Jessica (D:3)
  Natasha (thrice) (D:3)
  4 iguanas
  2 orc wizards
  2 mummies (Ossuary)
  Robin (D:3)
  7 adders
  15 gnolls
  A shadow imp (D:5)
  A white imp (D:6)
  2 ufetubi (D:5)
  9 adder zombies (Ossuary)
  A worm (D:2)
  3 dart slugs
  16 orcs
  7 bats
  6 endoplasms
  2 giant cockroaches (D:1)
  16 goblins
  6 hobgoblins
  5 quokkas
  4 ball pythons
  9 frilled lizards
  A goblin zombie (D:8)
  5 hobgoblin zombies (Ossuary)
  14 kobolds
  5 kobold zombies (Ossuary)
  4 orc zombies (Ossuary)
  A quokka zombie (D:8)
  7 rats
270 creatures vanquished.

Vanquished Creatures (others)
  An orc wizard (D:8)
1 creature vanquished.

Grand Total: 271 creatures vanquished

Notes
Turn   | Place    | Note
-------+----------+-------------------------------------------
     0 | D:1      | AdnanSaban the Gargoyle Fighter began the quest for the
                  | Orb.
     0 | D:1      | Reached XP level 1. HP: 14/14 MP: 1/1
   155 | D:1      | Reached XP level 2. HP: 16/19 MP: 2/2
   658 | D:1      | Reached XP level 3. HP: 23/23 MP: 3/3
   795 | D:1      | Found a faded altar of an unknown god.
  1285 | D:2      | Reached XP level 4. HP: 29/29 MP: 4/4
  1484 | D:2      | Reached skill level 3 in Maces & Flails
  1824 | D:3      | Noticed Natasha
  1825 | D:3      | Found an ancient bone altar of Kikubaaqudgha.
  1833 | D:3      | Killed Natasha
  1981 | D:3      | Found Rolerphut's Assorted Antiques.
  1983 | D:3      | Noticed Robin
  2005 | D:3      | Reached XP level 5. HP: 28/33 MP: 5/5
  2020 | D:3      | Killed Robin
  2066 | D:3      | Noticed Jessica
  2075 | D:3      | Killed Jessica
  2208 | D:3      | Found a burning altar of Makhleb.
  2211 | D:3      | Found a glowing silver altar of Zin.
  2211 | D:3      | Noticed an angel
  2211 | D:3      | Noticed a green death
  2255 | D:3      | Identified the +6 sling of Fapt {flame, rF++ Int+2}
  2257 | D:3      | Noticed Natasha
  2263 | D:3      | Killed Natasha
  2264 | D:3      | Reached skill level 4 in Maces & Flails
  2426 | D:3      | Noticed Natasha
  2430 | D:3      | Killed Natasha
  2431 | D:3      | Reached skill level 1 in Dodging
  2463 | D:4      | Reached XP level 6. HP: 36/38 MP: 6/6
  2606 | D:4      | Found Maixazu's Assorted Antiques.
  2893 | D:4      | Reached skill level 5 in Maces & Flails
  3074 | D:5      | Entered Level 5 of the Dungeon
  3158 | D:5      | Reached XP level 7. HP: 44/44 MP: 7/7
  3178 | D:5      | Reached skill level 5 in Armour
  3444 | D:5      | Reached skill level 6 in Maces & Flails
  3559 | D:5      | Reached XP level 8. HP: 48/48 MP: 8/8
  3897 | D:5      | Found The Oracle's Delphic Readings.
  3920 | D:5      | Reached skill level 5 in Fighting
  4084 | D:5      | Reached skill level 7 in Maces & Flails
  4313 | D:6      | Reached XP level 9. HP: 43/55 MP: 9/9
  4620 | D:6      | Reached skill level 8 in Maces & Flails
  4644 | D:6      | Reached skill level 5 in Shields
  4830 | D:6      | Found a hide-covered altar of Uskayaw.
  4830 | D:6      | Found an ornate altar of the Wu Jian Council.
  5106 | D:7      | Found a staircase to the Ecumenical Temple.
  5137 | Temple   | Entered the Ecumenical Temple
  5143 | Temple   | Became a worshipper of Warmaster Okawaru
  5248 | D:7      | Reached skill level 9 in Maces & Flails
  5748 | D:8      | Noticed Maggie
  5767 | D:7      | Reached XP level 10. HP: 61/61 MP: 10/10
  5837 | D:8      | Found a sand-covered staircase.
  5853 | Ossuary  | Entered an ossuary
  5877 | Ossuary  | Reached * piety under Okawaru
  6101 | D:8      | Reached skill level 10 in Maces & Flails
  6160 | D:8      | Killed Maggie
  6359 | D:8      | Noticed Prince Ribbit
  6382 | D:8      | Killed Prince Ribbit
  6476 | D:8      | Noticed Psyche
  6484 | D:8      | Killed Psyche
  6487 | D:8      | Reached ** piety under Okawaru
  6548 | D:8      | Found a stormy altar of Qazlal.
  6869 | D:9      | Noticed Erica
  6952 | D:8      | Killed Erica
  6953 | D:8      | Reached skill level 11 in Maces & Flails
  7164 | D:9      | Noticed Pikel
  7176 | D:9      | Killed Pikel
  7176 | D:9      | Reached *** piety under Okawaru
  7177 | D:9      | Reached skill level 1 in Throwing
  7189 | D:9      | Reached XP level 11. HP: 67/67 MP: 11/11
  7390 | D:9      | Found a transporter.
  7390 | D:9      | Noticed a white ugly thing
  7395 | D:9      | Noticed a worldbinder
  7465 | D:9      | Noticed Gilette's ghost (novice TrSh)
  7538 | D:9      | Noticed a skeletal warrior
  7549 | D:9      | Reached **** piety under Okawaru
  7550 | D:9      | Reached skill level 12 in Maces & Flails
  7589 | D:9      | Found a transporter.
  7679 | D:9      | Found a staircase to the Lair.
  8148 | D:10     | Entered Level 10 of the Dungeon
  8148 | D:10     | Noticed Snorg
  8475 | D:10     | Noticed a two-headed ogre
  8497 | D:10     | Killed a two-headed ogre
  8497 | D:10     | Received a gift from Okawaru
  8586 | D:10     | Noticed a centaur warrior
  8807 | D:10     | Noticed a six-headed hydra
  9250 | D:10     | Noticed a boulder beetle
  9273 | D:10     | Noticed a purple ugly thing
  9317 | D:11     | Killed a boulder beetle
  9318 | D:11     | Reached skill level 10 in Armour
  9360 | D:11     | Noticed a cyclops
  9372 | D:11     | Killed a cyclops
  9463 | D:11     | Noticed a cyclops
  9470 | D:11     | Killed a cyclops
  9679 | D:11     | Noticed a two-headed ogre
  9692 | D:11     | Killed a two-headed ogre
  9692 | D:11     | Reached ***** piety under Okawaru
  9736 | D:11     | Noticed a boulder beetle
  9750 | D:11     | Mangled by a boulder beetle

Illustrated notes

Levels and vault maps discovered:
D:1:      onia_arrival_mini_maze, layout_basic,
          hellmonk_ecumenical_altar_defaced_shrine, minmay_pentomino_x4
D:2:      layout_loops_ring, minmay_lizard_pond
D:3:      layout_loops_ring, kiku_gazebo_pond_becter,
          grunt_temple_overflow_order_and_chaos_2, serial_shops,
          nicolae_shop_statue_plus, uniq_robin, uniq_natasha, uniq_jessica
D:4:      layout_rooms, serial_shops, nicolae_shop_behind_doors
D:5:      black_bear_nest_1, layout_loops_ring, nicolae_nh_oracle_at_delphi
D:6:      layout_cave_pools, mainiacjoe_overflow_divided_tiny
D:7:      layout_basic, minmay_temple_entry_hall
D:8:      layout_loops_cross, lemuel_coloured_pillars_altar, enter_ossuary_4,
          uniq_psyche, uniq_maggie, uniq_prince_ribbit1
D:9:      layout_cave_pods, minmay_lair_entry_grove,
          gammafunk_ghost_abyssal_escape, uniq_pikel, uniq_erica
D:10:     layout_cave_pods, chequers_avenue, minmay_shattered_shrine, uniq_snorg
D:11:     layout_roguey, david_orc_4, small_statue_alley_a
Temple:   nicolae_temple_x_marks_the_god

Skill      XL: |  1  2  3  4  5  6  7  8  9 10 11 |
---------------+----------------------------------+-----
Maces & Flails | 3 4 5 6 7 9 11 12 | 12.7
Fighting       | 4 5 6 7 8 |  8.5
Armour         | 4 5 6 8 10 | 10.4
Dodging        | 1 2 3 |  3.5
Shields        | 4 5 6 |  6.5
Throwing       | 1 3 |  3.2

Action                     |  1- 3 |  4- 6 |  7- 9 | 10-12 || total
---------------------------+-------+-------+-------+-------++-------
  Melee: Flail             |   117 |   151 |   256 |   543 ||  1067
  Throw: Dart              |       |       |     1 |    47 ||    48
    Use: Potion            |       |       |       |     1 ||     1
 Armour: Scale mail        |    70 |   111 |   133 |       ||   314
         Chain mail        |       |       |    11 |       ||    11
         Plate armour      |       |       |       |   360 ||   360
         Skin              |       |       |       |     4 ||     4
  Dodge: Dodged            |    68 |    72 |   101 |   200 ||   441
  Block: Buckler           |    21 |    31 |    43 |   104 ||   199

Table legend: (Time is in decaauts)
 A = Elapsed time spent in this place.
 B = Non-inter-level travel time spent in this place.
 C = Inter-level travel time spent in this place.
 D = Time resting spent in this place.
 E = Time spent auto-exploring this place.
 F = Levels seen in this place.
 G = Mean time per level.
                   A        B        C        D        E       F      G
               +--------+--------+--------+--------+--------+-----+--------+
         Total |   9762 |   8769 |    993 |    414 |   5860 |  13 |  750.9 |
       Dungeon |   9565 |   8582 |    983 |    414 |   5785 |  11 |  869.5 |
        Temple |     12 |      2 |     10 |      0 |      0 |   1 |   12.0 |
       Ossuary |    183 |    183 |      0 |      0 |     75 |   1 |  183.0 |
               +--------+--------+--------+--------+--------+-----+--------+

Top non-repeatable levels by time:
     D:9: 1592 daAuts
     D:1: 1047 daAuts
     D:8: 1017 daAuts
     D:6: 1006 daAuts
     D:5: 1004 daAuts
     D:3: 770 daAuts
     D:7: 769 daAuts
     D:2: 708 daAuts
     D:4: 629 daAuts
    D:10: 565 daAuts
    D:11: 454 daAuts
 Ossuary: 183 daAuts
  Temple: 12 daAuts
